 Dungeon Crawl Stone Soup version 0.21.1-1-g345015f (webtiles) character file.

14 Iko the Vexing (level 2, -8/25 HPs)
             Began as a Naga Arcane Marksman on May 8, 2018.
             Was an Initiate of Elyvilon.
             Killed by divine providence
             ... invoked by an orc priest
              (14 damage)
             ... on level 3 of the Dungeon.
             The game lasted 00:05:30 (442 turns).

Iko the Vexing (Naga Arcane Marksman)                Turns: 442, Time: 00:05:31

Health: -8/25      AC:  4    Str: 12    XL:     2   Next: 41%
Magic:  3/3        EV:  8    Int: 13    God:    Elyvilon [......]
Gold:   35         SH:  0    Dex: 11    Spells: 2/3 levels left

rFire    . . .     SeeInvis +   i - +0 club
rCold    . . .     Gourm    .   (no shield)
rNeg     . . .     Faith    .   h - +0 ring mail
rPois    +         Spirit   .   (no helmet)
rElec    .         Reflect  .   (no cloak)
rCorr    .         Harm     .   a - +0 pair of gloves
MR       .....                  (no barding)
Stlth    +.........             (no amulet)
HPRegen  0.08/turn              (no ring)
MPRegen  0.08/turn              (no ring)

@: lethally poisoned (-8 -> -19), short of breath, very slow
A: large, see invisible, deformed body, poison resistance, slowness 2, slow
metabolism 1, spit poison 1, AC +0
a: Spit Poison, Renounce Religion


You were on level 3 of the Dungeon.
You worshipped Elyvilon.
Elyvilon was noncommittal.
You were not hungry.

You visited 1 branch of the dungeon, and saw 3 of its levels.

You collected 35 gold pieces.

Inventory:

Hand Weapons
 i - a +0 club (weapon)
Missiles
 c - 8 javelins (quivered)
 d - a throwing net
Armour
 a - a +0 pair of gloves (worn)
 h - a +0 ring mail (worn)
Scrolls
 e - 4 scrolls of identify
Books
 b - a book of Debilitation

   Spells                             Type                      Level
   a - Corona                         Hexes                        1
   b - Slow                           Hexes                        2
   c - Inner Flame                    Hexes/Fire                   3
   d - Portal Projectile              Hexes/Translocation          3
   e - Cause Fear                     Hexes                        4
   f - Leda's Liquefaction            Hexes/Earth                  4
Comestibles
 f - a ration


   Skills:
 + Level 1.0 Fighting
 + Level 1.8 Throwing
 + Level 1.8 Dodging
 + Level 0.4 Stealth
 + Level 1.0 Spellcasting
 + Level 3.4 Hexes


You had 2 spell levels left.
You knew the following spells:

 Your Spells              Type           Power        Failure   Level  Hunger
a - Corona                Hex            #......      16%         1    ##.....


Dungeon Overview and Level Annotations

Branches:
Dungeon (3/15)

Altars:
Elyvilon


Innate Abilities, Weirdness & Mutations

You cannot wear boots.
Your serpentine skin is tough. (AC +0)
You have supernaturally acute eyesight. (SInv)
Armour fits poorly on your strangely shaped body.
Your system is resistant to poisons. (rPois)
You cover ground very slowly.
You have a slow metabolism.
You can spit poison.


Message History

You have got your breath back.
The adder bites you.
You are poisoned.
The adder poisons you! The adder bites you.
Press: ? - help, Shift-Dir - straight line, f - frilled lizard, p - orc priest
Aim: a frilled lizard The splash of poison hits the adder.
The adder is poisoned.
The adder is severely wounded.
You feel slightly more hungry.
You feel sick. The adder bites you but does no damage.
You hit the adder but do no damage.
The adder is severely wounded.
The adder bites you.
* * * LOW HITPOINT WARNING * * *
You are lethally poisoned!
The adder poisons you!
The orc priest invokes the aid of Beogh against you.
Beogh smites you!
Ouch! That really hurt!
You die...

#.............#
#..........##
#...........#
#..<†.......#
...........####.#
.########.## #.#
#.# #.## #.# #..#
#.# ##@# .# #S#
.# #o# #l..S....
##..♣.... .... >.
..♣.. .......
#(..♣..


You could see an orc priest, an adder and a frilled lizard.

Vanquished Creatures
  A dart slug (D:1)
  An orc (D:3)
  2 giant cockroaches
  A goblin (D:1)
  A hobgoblin (D:2)
  A kobold (D:3)
  A frilled lizard (D:2)
  2 rats
10 creatures vanquished.

Notes
Turn   | Place    | Note
-------+----------+-------------------------------------------
     0 | D:1      | Iko the Naga Arcane Marksman began the quest for the Orb.
     0 | D:1      | Reached XP level 1. HP: 18/18 MP: 2/2
   249 | D:2      | Reached XP level 2. HP: 20/25 MP: 3/3
   340 | D:2      | Found a white marble altar of Elyvilon.
   358 | D:2      | Became a worshipper of Elyvilon the Healer
   415 | D:3      | Learned a level 1 spell: Corona
   442 | D:3      | Killed from afar by an orc priest

Action                   || total
-------------------------++-------
Melee: Club              ||    34
       Unarmed           ||     6
Throw: Javelin           ||    16
       Throwing net      ||     2
 Cast: Corona            ||     1
 Abil: Spit Poison       ||     4
  Use: Potion            ||     2
       Scroll            ||     3
Armor: Leather armour    ||     3
       Ring mail         ||    11
Dodge: Dodged            ||    20
